 Dungeon Crawl Stone Soup version 0.26-a0-642-g67e99244d3 (webtiles) character file.

Game seed: 12626597656661979132

520 PentaManta the Cudgeler (level 7, -7/52 HPs)
             Began as a Formicid Abyssal Knight on Sept 21, 2020.
             Was a Priest of Lugonu.
             Killed from afar by Dowan (24 damage)
             ... with a shard of ice
             ... on level 4 of the Dungeon.
             The game lasted 00:13:18 (7166 turns).

PentaManta the Cudgeler (Formicid Abyssal Knight)   Turns: 7166, Time: 00:13:18

Health: -7/52      AC:  6    Str: 19    XL:     7   Next: 45%
Magic:  8/8        EV:  9    Int: 11    God:    Lugonu [***...]
Gold:   158        SH:  0    Dex: 10    Spells: 6/6 levels left

rFire    . . .     SeeInvis +   s - +0 flail
rCold    . . .     Faith    .   (no shield)
rNeg     . . .     Spirit   .   v - +0 scale mail
rPois    .         Reflect  .   (helmet unavailable)
rElec    .         Harm     .   (no cloak)
rCorr    .         Rampage  .   (no gloves)
MR       .....                  (no boots)
Stlth    ..........             (no amulet)
HPRegen  0.17/turn              g - ring of attention (curse)
MPRegen  0.11/turn              (no ring)

@: no status effects
A: permanent stasis, dig shafts and tunnels, four strong arms, antennae 3
a: Dig, Shaft Self, Depart the Abyss, Bend Space, Banish, Renounce Religion


You were on level 4 of the Dungeon.
You worshipped Lugonu.
Lugonu was most pleased with you.
You visited 2 branches of the dungeon, and saw 5 of its levels.
You visited the Abyss 1 time.
You also visited: Sewer.

You collected 158 gold pieces.

Inventory:

Hand Weapons
 f - a +0 antimagic short sword
 h - a +0 dagger
 r - a +0 great sword
 s - a +0 flail (weapon)
 u - a +0 hand axe
Missiles
 c - 6 poisoned darts (quivered)
Armour
 q - a +0 plate armour
 v - a +0 scale mail (worn)
Jewellery
 g - a cursed ring of attention (left hand)
Wands
 t - a wand of enslavement (6)
Scrolls
 a - 3 scrolls of random uselessness {unknown}
 b - a scroll of blinking {unknown}
 k - 3 scrolls of identify
 l - 2 scrolls of fog
 m - a scroll of fear
 p - 3 scrolls of enchant armour {unknown}
Potions
 d - a potion of heal wounds
 e - 4 potions of brilliance
 i - 3 potions of curing
 n - a potion of invisibility {unknown}
 o - a potion of lignification {unknown}


   Skills:
 - Level 3.2 Fighting
 + Level 7.7 Maces & Flails
 - Level 2.1 Armour
 - Level 0.8 Dodging
 - Level 2.1 Invocations


You had 6 spell levels left.
You didn't know any spells.
Your spell library contained the following spells:

 Spells                   Type           Power        Failure   Level
 Summon Lightning Spire   Summ/Air       #.......     100%        4
 Silence                  Hex/Air        #.........   100%        5
 Conjure Ball Lightning   Conj/Air       #.........   100%        6
 Tornado                  Air            #.........   100%        9


Dungeon Overview and Level Annotations

Branches:
Dungeon (4/15)             Temple (1/1) D:4           Sewer (visited)

Altars:
Cheibriados
Dithmenos
Elyvilon
Fedhas
Gozag
Hepliaklqana
Kikubaaqudgha
Makhleb
Okawaru
Ru
Trog
Uskayaw
Vehumet
Wu Jian
Yredelemnul
Zin
The Shining One

Annotations:
D:1 igu
D:4 Dowan


Innate Abilities, Weirdness & Mutations

You cannot be hasted, slowed, berserked, paralysed or teleported.
You can dig through walls and to a lower floor.
Your four strong arms can wield two-handed weapons with a shield.
You have a pair of large antennae on your head. (SInv)


Message History

Dowan seems to find hidden reserves of power!
Dowan barely misses you. Dowan hits you with a +0 dagger.
You barely miss Dowan.
Dowan is moderately wounded.
Dowan casts a spell.
Dowan blinks!
Throwing (i - inventory)
c - 7 poisoned darts (quivered)
Press: ? - help, Shift-Dir - straight line, f - Dowan
Aim: Dowan, wielding a +0 dagger and wearing a +0 robe (moderately wounded, fast)
You throw a poisoned dart.
The poisoned dart completely misses Dowan.
Dowan points at you and mumbles some strange words.
The stone arrow hits you!
Dowan gestures wildly while chanting.
Dowan blinks!
Dowan casts a spell.
Dowan blinks!
Dowan points at you and mumbles some strange words.
The shard of ice hits you!!
You die...

##..#..#...#...#.
#....#...#...#...
##..#(..#...#...#.
#.#..(#...#...#...
#.#...#)..#...#...#.
#.#.#..(#...#...#...
#.#...#(..#...#.. #
#.#.#..(#...#...#
#.#@..#)(.#.. #..
#.#.#.e(#...#
#e#(..#((.#...#
#<).#...#...#..
###...#...#...#
#.#...#...#.
##..#...#. ##..#...#
##..#.


You could see Dowan (fast).

Vanquished Creatures
  Duvessa (D:4)
  2 big kobolds (Sewer)
  Ijyb (D:4)
  2 iguanas
  6 adders
  3 river rats (D:3)
  2 oozes
  An adder zombie (D:3)
  2 worms (D:3)
  4 leopard geckos
  8 orcs (D:4)
  8 bats
  2 giant cockroaches
  14 goblins
  7 hobgoblins
  2 quokkas
  4 ball pythons (Sewer)
  5 frilled lizards
  14 kobolds
  9 rats
97 creatures vanquished.

Notes
Turn   | Place    | Note
-------+----------+-------------------------------------------
     0 | Abyss:1  | PentaManta the Formicid Abyssal Knight began the quest for
                  | the Orb.
     0 | Abyss:1  | Reached XP level 1. HP: 18/18 MP: 2/2
    78 | Abyss:2  | Noticed a worldbinder
    89 | Abyss:2  | Noticed a worldbinder
    99 | Abyss:2  | Noticed a hell knight
   101 | Abyss:2  | Noticed a raiju
   103 | Abyss:2  | Noticed a starcursed mass
   104 | D:1      | Escaped the Abyss
   303 | D:1      | Reached XP level 2. HP: 19/24 MP: 3/3
   377 | D:1      | Reached * piety under Lugonu
   612 | D:1      | Reached skill level 3 in Maces & Flails
   762 | D:1      | Reached XP level 3. HP: 27/29 MP: 4/4
  2017 | D:1      | HP: 1/29 [iguana (10)]
  2325 | D:2      | Reached skill level 4 in Maces & Flails
  2325 | D:2      | Reached XP level 4. HP: 22/35 MP: 5/5
  2591 | D:2      | Found an ornate altar of the Wu Jian Council.
  2960 | D:1      | Reached XP level 5. HP: 33/41 MP: 6/6
  3769 | D:2      | Reached skill level 5 in Maces & Flails
  3901 | D:2      | Reached ** piety under Lugonu
  4258 | D:2      | Found a faded altar of an unknown god.
  4378 | D:3      | Found a glowing drain.
  4410 | Sewer    | Entered a sewer
  4627 | Sewer    | Noticed a big kobold
  4640 | Sewer    | Killed a big kobold
  4640 | Sewer    | Reached skill level 6 in Maces & Flails
  4640 | Sewer    | Reached XP level 6. HP: 45/47 MP: 7/7
  6386 | D:4      | Noticed Duvessa
  6393 | D:4      | Noticed Dowan
  6420 | D:3      | Reached skill level 7 in Maces & Flails
  6420 | D:3      | Reached XP level 7. HP: 32/52 MP: 8/8
  6617 | D:4      | Found a staircase to the Ecumenical Temple.
  6627 | Temple   | Entered the Ecumenical Temple
  6886 | D:4      | Noticed Ijyb
  6889 | D:4      | Reached *** piety under Lugonu
  6905 | D:4      | Killed Ijyb
  7157 | D:4      | Killed Duvessa
  7166 | D:4      | Killed from afar by Dowan

Illustrated notes

Levels and vault maps discovered:
D:1:      heliophobic_arrival_henge, layout_basic
D:2:      layout_loops_ring, nicolae_overflow_crystal_walls,
          chequers_ecumenical_altar_grove, minivault_14
D:3:      layout_basic, portal_sewer_entry_c
D:4:      layout_loops_ring, minmay_temple_entry_waves, hex_large,
          supply_closet_lemuel, uniq_ijyb, uniq_duvessa
Temple:   nicolae_temple_elliptical

Skill      XL: |  1  2  3  4  5  6 |
---------------+-------------------+-----
Maces & Flails | 3 4 6 7 |  7.7
Fighting       | |  3.2
Armour         | |  2.1
Dodging        | |  0.8
Invocations    | |  2.1

Action                   |  1- 3 |  4- 6 |  7- 9 || total
-------------------------+-------+-------+-------++-------
Melee: Mace              |    82 |   210 |       ||   292
       Dagger            |    33 |       |       ||    33
       Flail             |       |    29 |    43 ||    72
Throw: Dart              |     5 |       |    19 ||    24
Invok: Depart the Abyss  |     1 |       |       ||     1
       Bend Space        |       |     5 |       ||     5
 Abil: Dig               |     2 |     2 |       ||     4
  Use: Potion            |     2 |     4 |       ||     6
       Scroll            |     2 |     3 |       ||     5
 Stab: Sleeping          |     1 |       |       ||     1
Armor: Leather armour    |    22 |       |       ||    22
       Ring mail         |     6 |    75 |    12 ||    93
       Scale mail        |       |       |     2 ||     2
Dodge: Dodged            |    87 |   143 |    30 ||   260

Table legend: (Time is in decaauts)
 A = Elapsed time spent in this place.
 B = Non-inter-level travel time spent in this place.
 C = Inter-level travel time spent in this place.
 D = Time resting spent in this place.
 E = Time spent auto-exploring this place.
 F = Levels seen in this place.
 G = Mean time per level.
                   A        B        C        D        E       F      G
               +--------+--------+--------+--------+--------+-----+--------+
         Total |   7310 |   7025 |    285 |    951 |   4546 |   8 |  913.8 |
       Dungeon |   6120 |   5857 |    263 |    817 |   3932 |   4 | 1530.0 |
        Temple |    142 |    120 |     22 |      0 |    119 |   1 |  142.0 |
         Abyss |    104 |    104 |      0 |      0 |      0 |   2 |   52.0 |
         Sewer |    942 |    942 |      0 |    134 |    495 |   1 |  942.0 |
               +--------+--------+--------+--------+--------+-----+--------+

Top non-repeatable levels by time:
     D:1: 2846 daAuts
     D:3: 1395 daAuts
     D:2: 1392 daAuts
   Sewer: 942 daAuts
     D:4: 487 daAuts
  Temple: 142 daAuts
 Abyss:2: 67 daAuts
 Abyss:1: 37 daAuts
